 Dungeon Crawl Stone Soup version 0.30-a0-218-gedb9141078 (webtiles) character file.

Game seed: 10302876543708075138

5126 sleeves the Basher (level 10, -2/84 HPs)
             Began as a White Draconian Reaver on Oct 6, 2022.
             Was a Priest of Nemelex Xobeh.
             Succumbed to a hornet's poison
             ... on level 9 of the Dungeon.
             The game lasted 00:18:34 (9289 turns).

sleeves the Basher (White Draconian Reaver)         Turns: 9289, Time: 00:18:35

Health: -2/84      AC: 11    Str: 20    XL:     10   Next: 32%
Magic:  14/15      EV: 12    Int: 15    God:    Nemelex Xobeh [***...]
Gold:   613        SH:  0    Dex:  6    Spells: 9/13 levels left

rFire   . . .      SeeInvis .    m - +11 flail of Hiunoeh {chaos, rC+ Str+4 Dex-5}
rCold   + + .      Faith    .    (no shield)
rNeg    . . .      Spirit   .    (body armour unavailable)
rPois   .          Reflect  .    (helmet restricted)
rElec   .          Harm     .    o - +2 cloak
rCorr   .          Rampage  .    e - +0 pair of gloves
Will    .....                    (no boots)
Stlth   +.........               p - amulet of magic regeneration
HPRegen 0.34/turn                (no ring)
MPRegen 0.54/turn                (no ring)

@: lethally poisoned (-2 -> -27), slowed, very slow
A: breathe frost, AC +7, unfitting armour, cold resistance 1, cold-blooded
a: Breathe Frost, Renounce Religion, Draw Escape, Draw Destruction, Draw
Summoning, Triple Draw


You were on level 9 of the Dungeon.
You worshipped Nemelex Xobeh.
Nemelex Xobeh was most pleased with you.
You visited 2 branches of the dungeon, and saw 10 of its levels.
You also visited: Ossuary.

You collected 613 gold pieces.

Inventory:

Hand Weapons
 a - a +0 mace
 g - a +1 dagger of holy wrath
   (You took it off a goblin on level 3 of the Dungeon)
 h - a +2 whip of venom
   (You took it off a gnoll on level 4 of the Dungeon)
 l - the +4 dagger "Morg" {pain, Will+ Int+5}
   (You found it on level 2 of the Dungeon)

   In the hands of one skilled in necromantic magic, it inflicts extra damage on
   living creatures.
   Int:       It affects your intelligence (+5).
   Will:      It increases your willpower.
 m - the +11 flail of Hiunoeh (weapon) {chaos, rC+ Str+4 Dex-5}
   (You found it on level 6 of the Dungeon)

   Each time it hits an enemy it has a different, random effect.
   Str:       It affects your strength (+4).
   Dex:       It affects your dexterity (-5).
   rC:        It protects you from cold.
Missiles
 k - 10 poisoned darts (quivered)
Armour
 e - a +0 pair of gloves (worn)
   (You found it on level 3 of the Dungeon)
 o - a +2 cloak (worn)
   (You found it on level 3 of the Dungeon)
 C - a +0 tower shield
   (You found it on level 7 of the Dungeon)
Magical Staves
 d - a staff of poison
   (You found it on level 1 of the Dungeon)
 w - a staff of conjuration
   (You found it on level 9 of the Dungeon)
Jewellery
 p - an amulet of magic regeneration (around neck)
   (You found it on level 3 of the Dungeon)
 B - a ring of magical power
   (You took it off an orc on level 7 of the Dungeon)
 G - a ring of poison resistance
   (You took it off a centaur on level 9 of the Dungeon)
Wands
 f - a wand of paralysis (4)
   (You found it on level 3 of the Dungeon)
 q - a wand of flame (21)
   (You found it on level 4 of the Dungeon)
 x - a wand of polymorph (6)
   (You found it on level 8 of the Dungeon)
Scrolls
 b - 8 scrolls of vulnerability
 c - 5 scrolls of teleportation
 j - 3 scrolls of fear
 n - a scroll of torment {unknown}
 r - a scroll of enchant weapon {unknown}
 y - a scroll of blinking {unknown}
 z - a scroll of immolation {unknown}
 E - a scroll of poison {unknown}
 H - a scroll of identify
Potions
 i - 3 potions of flight
 s - 2 potions of heal wounds
 t - 2 potions of mutation
 u - 4 potions of curing
 v - a potion of resistance
 A - a potion of brilliance
 D - a potion of invisibility {unknown}
 F - a potion of might {unknown}


   Skills:
 + Level 6.8 Fighting
 + Level 9.3 Maces & Flails
 + Level 5.7 Dodging
 - Level 2.0 Spellcasting
 - Level 3.0 Conjurations
 + Level 7.1 Ice Magic
 + Level 7.8 Invocations


You had 9 spell levels left.
You knew the following spells:

 Your Spells              Type           Power      Damage    Failure   Level
a - Kiss of Death         Conj/Necr      24%        2d7       12%         1
b - Hailstorm             Conj/Ice       16%        3d6       9%          3

Your spell library contained the following spells:

 Spells                   Type           Power      Damage    Failure   Level
 Shock                    Conj/Air       24%        1d4       12%         1
 Momentum Strike          Conj/Tloc      12%        3d8       19%         2
 Necrotise                Necr           4%         1d4       22%         1
 Cigotuvi's Dreadful Rot  Necr/Pois/Air  2%         N/A       32%         2
 Poisonous Vapours        Pois/Air       2%         N/A       32%         2
 Mephitic Cloud           Conj/Pois/Air  4%         N/A       41%         3
 Ice Form                 Ice/Tmut       12%        N/A       45%         4
 Swiftness                Air            1%         N/A       54%         3
 Vampiric Draining        Necr           1%         2d6       54%         3
 Airstrike                Air            0%         2d(1-17)  91%         4
 Dispel Undead            Necr           1%         3d6       91%         4
 Agony                    Necr           1%         N/A       99%         5
 Yara's Violent Unravell  Hex/Tmut       0%         3d3       99%         5
 Death Channel            Necr           0%         N/A       100%        6
 Simulacrum               Ice/Necr       6%         N/A       100%        6
 Enfeeble                 Hex            0%         N/A       100%        7


Dungeon Overview and Level Annotations

Branches:
Dungeon (9/15)             Temple (1/1) D:4         Ossuary (visited)
   Lair: D:8-11         Orc: D:9-12

Altars:
Fedhas
Hepliaklqana
Kikubaaqudgha
Nemelex Xobeh
Ru
The Shining One

Shops:
D:8 !

Annotations:
D:3 1 runed translucent door, SigmundSlayer's ghost, weakling OgDe
D:9 Maurice


Innate Abilities, Weirdness & Mutations

You can breathe waves of freezing cold which knock back foes.
Your icy white scales are hard. (AC +7)
You cannot fit into any form of body armour.
Your flesh is cold resistant. (rC+)
You are cold-blooded and may be slowed by cold attacks.


Message History

You swap places.
You swap places.
There is an open door, spattered with blood here.
Your elf zombie is no longer moving quickly.
You open the door.
A mummy and 2 centaur zombies come into view.
There is an open door here.
There are monsters nearby!
You swap places.
The centaur zombie closely misses your elf zombie.
The centaur zombie kicks your elf zombie.
The centaur zombie misses your elf zombie.
The centaur zombie kicks your elf zombie.
The centaur zombie hits your elf zombie.
The centaur zombie kicks your elf zombie.
Your elf zombie hits the centaur zombie.
The centaur zombie hits your elf zombie.
The centaur zombie kicks your elf zombie.
The centaur zombie hits your elf zombie.
The centaur zombie closely misses your elf zombie.
The centaur zombie hits your elf zombie.
The centaur zombie kicks your elf zombie but does no damage.
Your elf zombie hits the centaur zombie.
The centaur zombie hits your elf zombie.
The centaur zombie barely misses your elf zombie.
The centaur zombie hits your elf zombie.
The centaur zombie kicks your elf zombie.
The centaur zombie hits your elf zombie.
The centaur zombie barely misses your elf zombie.
The centaur zombie hits your elf zombie.
Your elf zombie is destroyed!
There is an open door here.
You sock the centaur zombie! You freeze the centaur zombie.
The centaur zombie is heavily damaged.
The centaur zombie barely misses you. The centaur zombie kicks you.
A centaur zombie comes into view.
You sock the centaur zombie!
The centaur zombie flickers and vanishes!
Deactivating autopickup; reactivate with Ctrl-A.
Something hits you. Something kicks you but does no damage.
A centaur zombie comes into view.
Something hits you but does no damage. Something kicks you but does no damage.
You sock something!
Reactivating autopickup.
You feel a bit more experienced.
The centaur zombie hits you but does no damage.
The centaur zombie kicks you but does no damage.
You hit the centaur zombie. You tail-slap the centaur zombie.
You punch the centaur zombie.
The centaur zombie is moderately damaged.
The centaur zombie hits you but does no damage.
The centaur zombie barely misses you.
You sock the centaur zombie!
Lightning courses through the centaur zombie!
You destroy the centaur zombie!
You hit the centaur zombie. You burn the centaur zombie.
The centaur zombie is moderately damaged.
The centaur zombie completely misses you.
The centaur zombie misses you. The centaur zombie hits you.
The centaur zombie closely misses you.
You thump the centaur zombie! You burn the centaur zombie.
The centaur zombie is heavily damaged.
You bludgeon the mummy!! You tail-slap the mummy.
You destroy the mummy!
You sock the centaur zombie!
The centaur zombie is almost destroyed.
The centaur zombie hits you but does no damage.
The centaur zombie closely misses you.
The centaur zombie hits you but does no damage.
The centaur zombie kicks you but does no damage.
You sock the centaur zombie!
You destroy the centaur zombie!
The centaur zombie hits you but does no damage.
The centaur zombie misses you.
You bludgeon the centaur zombie!!
The centaur zombie seems to grow stronger.
The centaur zombie is heavily damaged.
The centaur zombie hits you but does no damage.
The centaur zombie kicks you but does no damage.
You sock the centaur zombie!
The centaur zombie is almost destroyed.
The centaur zombie barely misses you. The centaur zombie misses you.
You hit the centaur zombie.
The centaur zombie is almost destroyed.
The centaur zombie closely misses you.
The centaur zombie completely misses you.
You bludgeon the centaur zombie!!
Lightning courses through the centaur zombie!
You destroy the centaur zombie!
No target in view!
No target in view!
No target in view!
No target in view!
No target in view!
No target in view!
No target in view!
No target in view!
No target in view!
No target in view!
No target in view!
No target in view!
Done exploring.
Done exploring.
Done exploring.
There is an open door, spattered with blood here.
There is a gate leading back out of this place here.
Welcome back to the Dungeon!
There is a collapsed entrance here.
There is an open door here.
Things that are here:
a +0 ring mail; a +2 quarterstaff of pain; a +0 sling You now have 341 gold pieces (gained 12).
Found a stone staircase leading down.
Okay, then.
You start putting on your amulet.
You continue putting on your amulet of magic regeneration. x5
You finish putting on your amulet of magic regeneration.
p - an amulet of magic regeneration (around neck)
Okay, then.
Okay, then.
You now have 362 gold pieces (gained 21).
u - 5 potions of curing (gained 2)
Found a potion of attraction.
An orc comes into view. It is wielding a +0 dagger.
An orc is nearby!
An orc is nearby!
An orc comes into view. It is wielding a +0 hand axe.
The orc shouts!
You hear a shout! x2
The orc throws a boomerang.
The boomerang hits you. The orc hits you with a +0 dagger.
You hit the orc.
The orc is moderately wounded.
The orc closely misses you.
An orc comes into view. It is wielding a +0 dagger.
An orc warrior comes into view. It is wielding a +0 battleaxe.
You thump the orc!
You kill the orc!
The orc barely misses you.
You completely miss the orc. The orc hits you with a +0 hand axe.
An orc comes into view. It is wielding a +0 club.
The orc shouts!
You sock the orc! You freeze the orc.
You kill the orc!
The orc warrior throws a stone.
The stone barely misses you.
You start resting.
An orc warrior is nearby!
You hit the orc warrior. You freeze the orc warrior.
You tail-slap the orc warrior, but do no damage.
The orc warrior is lightly wounded.
An orc comes into view.
It is wielding a +0 flail and quivering boomerangs of dispersal.
You hit the orc warrior.
You tail-slap the orc warrior, but do no damage.
The orc warrior is moderately wounded.
The orc warrior barely misses you.
You hit the orc warrior but do no damage.
The orc warrior is moderately wounded.
The orc closely misses you.
The orc warrior hits you but does no damage.
You hit the orc warrior. You freeze the orc warrior.
Your tail-slap misses the orc warrior.
The orc warrior is heavily wounded.
You completely miss the orc warrior.
The orc warrior is heavily wounded.
The orc hits you with a +0 dagger. The orc warrior closely misses you.
You bludgeon the orc warrior!!
You kill the orc warrior!
You sock the orc!
You kill the orc!
The orc hits you but does no damage.
You sock the orc!
You kill the orc!
The orc closely misses you.
You completely miss the orc. The orc hits you but does no damage.
You bludgeon the orc!! You burn the orc.
You kill the orc!
An orc comes into view. It is wielding a +0 short sword.
The orc hits you but does no damage.
Items here: ! (( )).
You barely miss the orc. The orc barely misses you.
You sock the orc!
You kill the orc!
No target in view!
HP restored.
A - a potion of brilliance
Items here: (( )).
c - 5 scrolls of teleportation (gained 1)
You now have 388 gold pieces (gained 26).
Things that are here:
a +0 hand axe; a +0 scale mail
Found a dagger.
B - a ring of magical power
Things that are here:
a +0 dagger; a boomerang
Found a stone staircase leading up.
Found a chain mail. 2 orc wizards come into view.
The orc wizard shouts! x2
The orc wizard points at you and mumbles some strange words.
The magic dart hits you.
There are monsters nearby!
There are monsters nearby!
An orc warrior comes into view. It is wielding a +0 scimitar.
The orc wizard mumbles some strange words.
The orc wizard flickers and vanishes!
Deactivating autopickup; reactivate with Ctrl-A.
The orc warrior shouts!
The orc wizard casts a spell at you. The magic dart hits you.
An orc priest comes into view. It is wielding a +0 club.
The orc wizard casts a spell at you.
The orc priest shouts!
Something enters a dispersal trap!
The orc warrior blinks!
The orc wizard blinks!
The orc warrior blinks!
You blink.
There is a stone staircase leading up here.
An orc priest comes into view. It is wielding a +0 short sword.
The orc priest shouts!
You hit the orc warrior but do no damage.
The orc wizard gestures at you while chanting.
The magic dart hits you.
You thump the orc warrior! You drain the orc warrior.
You tail-slap the orc warrior, but do no damage.
The orc warrior is heavily wounded.
The orc warrior closely misses you.
The orc warrior hits you but does no damage.
You climb upwards.
Reactivating autopickup.
There is a stone staircase leading down here.
You sock the orc warrior!
The orc warrior flickers and vanishes!
Deactivating autopickup; reactivate with Ctrl-A.
Something hits you. The orc wizard closely misses you.
You sock the orc wizard!
The orc wizard is severely wounded.
Something hits you.
The orc wizard hits you with a +0 dagger.
You sock the orc wizard!
You kill the orc wizard!
Something hits you but does no damage.
No target in view!
No target in view!
You closely miss something.
Your tail-slap misses something.
Something hits you but does no damage.
You sock something!
Reactivating autopickup.
You feel a bit more experienced.
Things that are here:
a +0 scimitar; a +0 plate armour You start resting.
HP restored.
There is a stone staircase leading down here.
You climb downwards.
There is a stone staircase leading up here.
You sock the orc priest!
You kill the orc priest!
The orc priest completely misses you.
You thump the orc priest! You freeze the orc priest.
You kill the orc priest!
Your Invocations skill increases to level 7!
No target in view!
No target in view!
(D) Dungeon (T) Temple
Where to? (Enter - D:8 @ (x,y), ? - help)
There is a stone staircase leading up here.
You climb upwards.
There is a stone staircase leading down here.
A jelly comes into view.
The jelly quivers.
A jelly is nearby!
A jelly is nearby!
A jelly is nearby!
The jelly completely misses you.
You sock the jelly!
Your hands burn!
The jelly is severely wounded.
The jelly misses you.
You thump the jelly!
You kill the jelly!
Your Ice Magic skill increases to level 6!
No target in view!
No target in view!
HP restored.
You now have 401 gold pieces (gained 13).
You now have 415 gold pieces (gained 14).
C - a scroll of identify
Found a whip.
You see here a +0 whip.
You see here a +0 vorpal mace.
D - a bubbling emerald potion You now have 423 gold pieces (gained 8).
Found a stone staircase leading down.
Found a quarterstaff.
You now have 443 gold pieces (gained 20).
E - a scroll labelled XOHAARPHOMO
F - a smoky yellow potion Done exploring.
Done exploring.
Done exploring.
Done exploring.
Done exploring.
As you read the scroll of identify, it crumbles to dust.
E - a scroll of noise You drop a scroll of noise.
Done exploring.
Done exploring.
Done exploring.
(D) Dungeon (T) Temple
Where to? (Enter - D:6, ? - help)
There is a stone staircase leading down here.
You climb downwards.
Nemelex Xobeh deals you some cards!
You now have 3 escape cards, 17 destruction cards and 6 summoning cards.
Found 24 gold pieces.
Found an escape hatch in the floor.
Found a stone staircase leading down.
There is a stone staircase leading up here.
A phantom is nearby!
Unknown command.
You sock the phantom! Lightning courses through the phantom!!
The phantom is almost destroyed.
The phantom hits you but does no damage.
You hit the phantom. Lightning courses through the phantom!
You destroy the phantom!
Your Dodging skill increases to level 5!
No target in view!
Found a stone staircase leading up.
You now have 457 gold pieces (gained 14).
You now have 467 gold pieces (gained 10).
An orc wizard is nearby!
There is an escape hatch in the floor here.
The orc wizard completely misses you.
There is a stone staircase leading up here.
You closely miss the orc wizard. The orc wizard barely misses you.
You hit the orc wizard.
Your tail-slap misses the orc wizard.
The orc wizard is lightly wounded.
The orc wizard hits you but does no damage.
You thump the orc wizard!
The orc wizard is poisoned.
The orc wizard is almost dead.
The orc wizard closely misses you.
You sock the orc wizard!
You kill the orc wizard!
Your Fighting skill increases to level 6!
No target in view!
Found a pair of gloves.
You now have 485 gold pieces (gained 18).
You now have 505 gold pieces (gained 20).
Found an escape hatch in the ceiling.
There is an escape hatch in the ceiling here.
Found 4 stones.
You now have 518 gold pieces (gained 13).
Key pressed, stopping explore.
Done exploring.
Done exploring.
Search for what [Enter for "mace", or ? for help]? shie You see here a +0 tower shield.
C - a +0 tower shield Done exploring.
Done exploring.
Done exploring.
(D) Dungeon (T) Temple
Where to? (Enter - D:7 @ (x,y), ? - help)
There is a stone staircase leading down here.
You climb downwards.
There is a stone staircase leading up here.
Unknown command.
A black bear comes into view.
The black bear moves out of view.
Found 7 stones.
A black bear is nearby!
A black bear is nearby!
Casting: Kiss of Death (safe; 12% risk of failure)
Confirm with . or Enter, or press ? or * to list all spells.
Casting: Hailstorm (dangerous; 11% risk of failure)
Press: ? - help, Dir - look around, f - activate A cannonade of hail descends around you!
The hail pelts the black bear!
The black bear is moderately wounded.
You hit the black bear.
The black bear is poisoned.
Your tail-slap misses the black bear.
The black bear is heavily wounded.
The black bear bites you but does no damage.
The black bear claws you but does no damage. x2
You sock the black bear!
You kill the black bear!
No target in view!
Magic restored.
An orc warrior comes into view. It is wielding a +0 halberd.
The orc warrior shouts!
You hear a shout!
An orc warrior is nearby!
An orc warrior is nearby!
An orc wizard comes into view. It is wielding a +0 dagger.
The orc wizard shouts!
An orc priest comes into view. It is wielding a +0 club.
The orc wizard points at you and mumbles some strange words.
The magic dart hits you but does no damage.
The orc wizard casts a spell at you.
The puff of flame hits you but does no damage.
You see here a black bear corpse.
Casting: Hailstorm (dangerous; 10% risk of failure)
Confirm with . or Enter, or press ? or * to list all spells.
Casting: Hailstorm (dangerous; 10% risk of failure)
Press: ? - help, Dir - look around, f - activate A cannonade of hail descends around you!
The hail pelts the orc warrior!
The orc warrior is heavily wounded.
Casting: Hailstorm (dangerous; 10% risk of failure)
Confirm with . or Enter, or press ? or * to list all spells.
Casting: Hailstorm (dangerous; 10% risk of failure)
Press: ? - help, Dir - look around, f - activate You miscast Hailstorm.
You are very lightly contaminated with residual magic.
Nothing appears to happen.
The orc warrior hits you from afar with a +0 halberd!
Casting: Hailstorm (dangerous; 10% risk of failure)
Confirm with . or Enter, or press ? or * to list all spells.
Casting: Hailstorm (dangerous; 10% risk of failure)
Press: ? - help, Dir - look around, f - activate You miscast Hailstorm.
Nothing appears to happen.
The orc warrior barely misses you.
Casting: Hailstorm (dangerous; 10% risk of failure)
Confirm with . or Enter, or press ? or * to list all spells.
Casting: Hailstorm (dangerous; 10% risk of failure)
Press: ? - help, Dir - look around, f - activate A cannonade of hail descends around you!
The hail pelts the orc warrior!
The orc warrior is severely wounded.
The orc warrior closely misses you. The orc warrior closely misses you.
You sock the orc warrior! You burn the orc warrior.
You kill the orc warrior!
You bludgeon the orc wizard!!
Lightning courses through the orc wizard!
You kill the orc wizard!
You sock the orc priest!
The orc priest is severely wounded.
The orc priest closely misses you.
You closely miss the orc priest.
Your tail-slap misses the orc priest.
The orc priest is severely wounded.
The orc priest barely misses you.
You sock the orc priest! You freeze the orc priest.
You kill the orc priest!
Items here: ))) [[[ †.
Your magical contamination has completely faded away.
HP restored.
Items here: ))) [[[ †.
You see here a black bear corpse.
Found 7 stones.
b - 8 scrolls of vulnerability (gained 1)
You see here 7 stones.
Found Quguryit's Distillery.
There is an entrance to Quguryit's Distillery here.
You can access your shopping list by pressing '$'.
Okay, then.
You now have 520 gold pieces (gained 2).
Found a stone staircase leading down.
You pick up a book of Decay and begin reading...
You add the spells Cigotuvi's Dreadful Rot, Dispel Undead and Death Channel to your library.
A bullfrog comes into view.
The bullfrog croaks.
A bullfrog is nearby!
Found a stone staircase leading down.
You barely miss the bullfrog.
The bullfrog hits you but does no damage. x2
You bludgeon the bullfrog!!
You kill the bullfrog!
No target in view!
You pick up a book of Vapours and begin reading...
You add the spells Poisonous Vapours and Mephitic Cloud to your library.
Okay, then.
E - a scroll labelled LUPTUO TUOQIMIU You can now choose one out of three cards.
Nemelex Xobeh deals you some cards!
You now have 4 escape cards, 20 destruction cards and 7 summoning cards.
You now have 528 gold pieces (gained 8).
Found a potion of lignification.
You see here a potion of lignification.
You see here a bullfrog corpse.
A bullfrog comes into view.
You see here 2 poisoned darts.
A bullfrog is nearby!
The bullfrog misses you.
You sock the bullfrog! You burn the bullfrog.
Your tail-slap misses the bullfrog.
The bullfrog is almost dead.
The bullfrog barely misses you. The bullfrog closely misses you.
You hit the bullfrog.
You kill the bullfrog!
Your Maces & Flails skill increases to level 9!
No target in view!
k - 10 poisoned darts (gained 2)
A bullfrog comes into view.
The bullfrog croaks.
A bullfrog is nearby!
A bullfrog is nearby!
The bullfrog swells and bulges.
You thump the bullfrog! You burn the bullfrog.
Your tail-slap misses the bullfrog.
The bullfrog is heavily wounded.
The bullfrog hits you but does no damage.
You thump the bullfrog!
You kill the bullfrog!
A white imp comes into view.
The white imp shouts!
A white imp is nearby!
The white imp completely misses you.
You thump the white imp!
The white imp seems to grow stronger.
The white imp is severely wounded.
You sock the white imp!
You kill the white imp!
No target in view!
No target in view!
Found a stone staircase leading up.
There is a stone staircase leading up here.
Found a scale mail.
An orc comes into view. It is wielding a +0 short sword.
Found a cloak.
The orc misses you.
You completely miss the orc. The orc closely misses you.
You sock the orc! You burn the orc.
You kill the orc!
No target in view!
No target in view!
You now have 541 gold pieces (gained 13).
Things that are here:
a +0 short sword; a +0 plate armour
Found a potion of degeneration.
You see here a potion of degeneration.
You now have 559 gold pieces (gained 18).
Found a leather armour.
You see here a +0 leather armour.
You see here a +0 scale mail.
There is a stone staircase leading up here.
You see here 7 stones. 4 yaks come into view.
Found 12 gold pieces and a rapier.
The yak bellows! x3; You hear a bellow!
There are monsters nearby!
A yak comes into view.
The yak bellows!
You sock the yak! Lightning courses through the yak!!
The yak is almost dead.
The yak closely misses you. The yak attacks as you move away!
The yak gores you.
You bludgeon the yak!!
You kill the yak!
You have reached level 10!
You bludgeon the yak!! You freeze the yak.
The yak is heavily wounded.
The yak closely misses you.
You hit the yak. You burn the yak.
You tail-slap the yak, but do no damage.
The yak is severely wounded.
The yak gores you.
You sock the yak! You burn the yak.
You kill the yak!
You sock the yak!
The yak is moderately wounded.
You bludgeon the yak!!
The yak looks as sick as possible!
You tail-slap the yak.
The yak is heavily wounded.
You sock the yak!
The yak looks as sick as possible!
The yak is almost dead.
The yak closely misses you.
You completely miss the yak.
You tail-slap the yak, but do no damage.
The yak is almost dead.
The yak gores you.
You hit the yak.
The yak flickers and vanishes!
Deactivating autopickup; reactivate with Ctrl-A.
You tail-slap something.
Reactivating autopickup.
You feel a bit more experienced.
You hit the yak.
The yak seems to grow stronger.
The yak is lightly wounded.
The yak gores you!
You hit the yak. You burn the yak.
The yak is moderately wounded.
The yak closely misses you.
You barely miss the yak.
The yak is moderately wounded.
You sock the yak!
Nothing appears to happen.
Your tail-slap misses the yak.
The yak is severely wounded.
The yak barely misses you.
You thump the yak! You freeze the yak.
The yak is almost dead.
The yak gores you!
You are too injured to fight recklessly!
You are too injured to fight recklessly!
You are too injured to fight recklessly!
You are too injured to fight recklessly!
You are too injured to fight recklessly!
You bludgeon the yak!!
You kill the yak!
You closely miss the yak.
Your tail-slap misses the yak.
The yak is moderately wounded.
The yak closely misses you.
You hit the yak.
The yak is moderately wounded.
The yak gores you but does no damage.
You closely miss the yak.
The yak is moderately wounded.
The yak barely misses you.
You thump the yak!
The yak looks as sick as possible!
You tail-slap the yak.
The yak is heavily wounded.
The yak closely misses you.
You hit the yak.
The yak is severely wounded.
The yak barely misses you.
You sock the yak!
You kill the yak!
Things that are here:
a yak corpse; a yak corpse You now have 571 gold pieces (gained 12).
Things that are here:
a yak corpse; a yak corpse You see here a +0 rapier.
Found a stone staircase leading up.
You now have 587 gold pieces (gained 16).
There is a stone staircase leading up here.
An orc comes into view. It is wielding a +0 hand axe.
The orc shouts!
You hear a shout!
The orc moves out of view.
An orc wizard comes into view. It is wielding a +6 dagger of venom.
You see here a book of Misfortune.
An orc wizard is nearby!
An orc wizard is nearby!
An orc comes into view. It is wielding a +0 hand axe.
The orc shouts!
An orc comes into view. It is wielding a +0 dagger.
You hit the orc. You burn the orc.
You kill the orc!
The orc wizard hits you with a +6 dagger of venom!
You are poisoned.
An orc comes into view. It is wielding a +0 flail.
Things that are here:
a +0 hand axe; an orc corpse You bludgeon the orc wizard!!
You kill the orc wizard!
You feel very sick. The orc barely misses you.
You closely miss the orc.
Your tail-slap misses the orc.
You feel very sick. The orc hits you with a +0 hand axe.
You sock the orc!
You kill the orc!
You feel sick.
You closely miss the orc.
You feel sick. The orc misses you.
You bludgeon the orc!!
You kill the orc!
You feel sick.
You completely miss the orc.
You feel sick.
You barely miss the orc.
You feel sick. The orc barely misses you.
You sock the orc!
You kill the orc!
You feel sick.
No target in view!
You feel sick.
You feel sick.
You feel sick.
You are no longer poisoned.
Items here: ))) [[ ††.
Things that are here:
a +0 hand axe; an orc corpse You pick up a book of Misfortune and begin reading...
You add the spells Yara's Violent Unravelling and Enfeeble to your library.
Things that are here:
a +0 hand axe; an orc corpse
Items here: ))) [[ ††.
Found a whip.
You see here a +0 whip.
Done exploring.
Done exploring.
Done exploring.
(D) Dungeon (T) Temple
Where to? (Enter - D:8, ? - help)
There is a stone staircase leading down here.
You climb downwards.
Level annotation: Maurice
There is a stone staircase leading up here. 2 killer bees and a gnoll come into view.
The killer bee buzzes angrily.
The gnoll shouts!
You hear a shout!
You hear an angry hiss.
A killer bee comes into view.
There are monsters nearby!
There are monsters nearby!
The killer bee buzzes angrily.
You hear an angry buzzing noise.
The killer bee closely misses you.
A gnoll comes into view. It is wielding a +0 flail.
The killer bee barely misses you.
The killer bee stings you but does no damage.
The killer bee attacks as you move away!
The killer bee closely misses you.
The killer bee stings you but does no damage.
You sock the killer bee!
The killer bee is heavily wounded.
The killer bee stings you. The killer bee closely misses you.
You sock the killer bee! You freeze the killer bee.
You kill the killer bee!
The killer bee closely misses you.
You sock the killer bee! You freeze the killer bee.
The killer bee is severely wounded.
The killer bee stings you but does no damage.
The killer bee closely misses you.
You closely miss the killer bee. You tail-slap the killer bee.
Your punch misses the killer bee.
The killer bee is almost dead.
The killer bee closely misses you.
The killer bee stings you but does no damage.
You sock the killer bee! You burn the killer bee.
You kill the killer bee!
The gnoll sergeant barely misses you.
You see here a killer bee corpse.
The gnoll sergeant hits you from afar with a +0 spear!
You closely miss the killer bee.
Your tail-slap misses the killer bee.
The killer bee barely misses you.
The killer bee stings you but does no damage.
The gnoll sergeant hits you from afar with a +0 spear.
You thump the killer bee! You burn the killer bee.
The killer bee is almost dead.
The killer bee barely misses you.
The killer bee stings you but does no damage.
You miss the killer bee.
Your tail-slap misses the killer bee.
The killer bee is almost dead.
The killer bee stings you. The killer bee closely misses you.
You sock the killer bee! You burn the killer bee.
You kill the killer bee!
A gnoll comes into view. It is wielding a +0 flail.
The gnoll shouts!
You hear a shout!
You hear an angry hiss.
The gnoll sergeant barely misses you.
You hear a shout! x2
You sock the gnoll sergeant! You burn the gnoll sergeant.
The gnoll sergeant is moderately wounded.
You hear a shout!
The gnoll sergeant barely misses you.
You barely miss the gnoll sergeant.
The gnoll sergeant is moderately wounded.
The gnoll sergeant completely misses you.
You bludgeon the gnoll sergeant!!
You kill the gnoll sergeant!
You sock the gnoll!
You kill the gnoll!
A gnoll comes into view. It is wielding a +0 flail.
You thump the gnoll!
You kill the gnoll!
A water moccasin comes into view.
You barely miss the gnoll. The gnoll hits you with a +0 flail.
You closely miss the gnoll. The gnoll hits you but does no damage.
You barely miss the gnoll. You tail-slap the gnoll.
The gnoll is heavily wounded.
The gnoll hits you with a +0 flail!
You thump the gnoll! You burn the gnoll.
You kill the gnoll!
The water moccasin bites you but does no damage.
You thump the water moccasin!
The water moccasin appears confused.
You tail-slap the water moccasin, but do no damage.
The water moccasin is heavily wounded.
You sock the gnoll! You burn the gnoll.
You kill the gnoll!
You hear a twanging sound.
An arrow appears from out of your range of vision.
The arrow hits your gnoll zombie!
You hear an angry buzzing noise.
You hear a shout!
You thump the water moccasin!
The water moccasin resists with some effort.
The water moccasin is almost dead.
You hear a shout!
You hear a twanging sound.
An arrow appears from out of your range of vision.
The arrow hits your gnoll zombie!
Your gnoll zombie is destroyed!
The water moccasin bites you but does no damage.
A centaur comes into view. It is wielding a +0 shortbow.
Items here: $ ))))) [ ††††.
You thump the water moccasin! You burn the water moccasin.
You kill the water moccasin!
The centaur shoots an arrow.
The arrow closely misses you.
A centaur and a hornet come into view.
The centaur shouts!
The hornet buzzes angrily.
The centaur unwields a +0 shortbow.
The centaur misses you.
The centaur kicks you but does no damage.
The centaur barely misses you. The centaur kicks you.
You thump the centaur! You burn the centaur. You punch the centaur.
The centaur is almost dead.
The centaur unwields a +0 rapier.
The centaur wields a +0 shortbow.
The centaur shoots an arrow.
The arrow hits you. The centaur closely misses you.
The centaur kicks you but does no damage.
You bludgeon the centaur!! You burn the centaur.
You kill the centaur!
The centaur shoots an arrow.
The arrow hits you.
Your Ice Magic skill increases to level 7!
The hornet stings you.
You feel yourself slow down. The hornet barely misses you.
Things that are here:
a +0 shortbow; a centaur corpse The hornet attacks as you move away!
The hornet closely misses you.
The centaur unwields a +0 shortbow.
The centaur wields a +0 rapier.
The centaur hits you but does no damage.
The centaur kicks you but does no damage.
The centaur hits you but does no damage.
The centaur barely misses you. The hornet stings you.
You suddenly lose the ability to move!
The centaur hits you with a +0 rapier.
The centaur kicks you but does no damage.
The hornet stings you!
* * * LOW HITPOINT WARNING * * *
You are poisoned.
You feel as though you will be slow longer.
The hornet stings you.
* * * LOW HITPOINT WARNING * * *
You are more poisoned.
You feel as though you will be slow longer.
The centaur hits you with a +0 rapier.
* * * LOW HITPOINT WARNING * * *
The centaur kicks you.
* * * LOW HITPOINT WARNING * * *
* * * LOW HITPOINT WARNING * * *
You feel very sick. The centaur hits you with a +0 rapier.
* * * LOW HITPOINT WARNING * * *
The centaur kicks you but does no damage.
The hornet stings you.
* * * LOW HITPOINT WARNING * * *
You are more poisoned.
You feel as though you will be slow longer.
You can move again.
Unknown command.
Unknown command.
Unknown command.
Unknown command.
Unknown command.
Unknown command.
Unknown command.
Unknown command.
Unknown command.
Unknown command.
Unknown command.
Unknown command.
Unknown command.
Unknown command.
Unknown command.
Unknown command.
Unknown command.
Unknown command.
Unknown command.
Unknown command.
Unknown command.
Unknown command.
Unknown command.
Unknown command.
Unknown command.
As you read the scroll of fear, it crumbles to dust.
You assume a fearsome visage.
The centaur looks frightened!
The gnoll looks frightened!
The hornet looks frightened!
* * * LOW HITPOINT WARNING * * *
You feel extremely sick.
You feel better.
You feel yourself speed up.
There is a stone staircase leading up here.
Okay, then.
You climb upwards.
There is a stone staircase leading down here.
You start resting.
HP restored.
You start waiting.
Done waiting.
You climb downwards.
Level annotation: Maurice
There is a stone staircase leading up here.
You now have 599 gold pieces (gained 12).
Items here: ))))) [ ÷÷÷.
The centaur shouts!
The hornet buzzes angrily.
The centaur unwields a +0 rapier.
The centaur wields a +0 shortbow.
The centaur shoots an arrow.
The arrow hits you!
The centaur shoots an arrow.
The arrow hits you!
Items here: ))))) [ ÷÷÷.
The centaur shoots an arrow.
The arrow hits you.
The centaur shoots an arrow.
The arrow hits you!
The centaur shoots an arrow.
The arrow hits you but does no damage.
You hear a shout!
The centaur shoots an arrow.
The arrow hits you!
The centaur shoots an arrow.
The arrow hits you but does no damage.
You draw a card...
You have drawn the Orb.
Press: ? - help, Shift-Dir - straight line, f - hornet
Aim: a hornet The centaur shoots an arrow.
The arrow closely misses you.
The centaur shoots an arrow.
The arrow closely misses you.
The wavering orb of destruction hits the centaur!!
You blow up the centaur!
You draw a card...
You have drawn the Orb.
Press: ? - help, Shift-Dir - straight line, f/p - hornet
Aim: a hornet Your orb of destruction hits a rock wall. x4
The wavering orb of destruction hits the hornet!!
The hornet is heavily wounded.
You draw a card...
You have drawn Pain.
Press: ? - help, Shift-Dir - straight line, f/p - hornet
Aim: a hornet (heavily wounded)
The hornet convulses!
You draw a card...
You have drawn Degeneration.
The hornet evaporates and reforms as an acid dragon!
The acid dragon twists and deforms.
The gnoll evaporates and reforms as a ball python!
The ball python twists and deforms.
The acid dragon completely misses you. The acid dragon misses you.
You sock the acid dragon!
Your tail-slap misses the acid dragon.
The acid dragon is severely wounded.
The acid dragon barely misses you.
The acid dragon claws you but does no damage.
You bludgeon the acid dragon!! You burn the acid dragon.
You kill the acid dragon!
The ball python closely misses you. The ball python grabs you.
The ball python constricts you.
You bludgeon the ball python!!
You kill the ball python!
The gnoll returns to its original shape as it dies.
You see here a gnoll corpse.
G - a ring of poison resistance;
H - a scroll of identify You now have 613 gold pieces (gained 14).
Items here: )))))))) [ ÷÷÷.
You start resting.
HP restored.
There is an open door here.
A hornet comes into view.
The hornet buzzes angrily.
A hornet is nearby!
A hornet is nearby!
A hornet is nearby!
You hit the hornet.
The hornet seems to speed up.
The hornet is lightly wounded.
The hornet stings you but does no damage. x2
You thump the hornet! You burn the hornet!
Your tail-slap misses the hornet.
The hornet is severely wounded.
The hornet stings you but does no damage. x2
You miss the hornet.
The hornet is severely wounded.
The hornet stings you but does no damage.
The hornet stings you.
You suddenly lose the ability to move!
The hornet stings you.
You shrug off the repeated paralysis!
The hornet stings you but does no damage.
The hornet stings you.
You feel yourself slow down. The hornet completely misses you.
The hornet stings you but does no damage.
You can move again.
Unknown command.
Unknown command.
Unknown command.
Unknown command.
Unknown command.
Unknown command.
Unknown command.
Unknown command.
Unknown command.
Unknown command.
Unknown command.
Unknown command.
Unknown command.
Unknown command.
Unknown command.
Unknown command.
Unknown command.
Unknown command.
Unknown command.
Unknown command.
You closely miss the hornet.
Your tail-slap misses the hornet.
The hornet is severely wounded.
You feel yourself speed up. The hornet stings you.
You feel yourself slow down.
The hornet stings you but does no damage.
The hornet closely misses you.
You sock the hornet!
The hornet goes berserk!
The hornet is almost dead.
The hornet stings you.
You feel as though you will be slow longer.
The hornet stings you!
You are poisoned.
You suddenly lose the ability to move!
The hornet stings you!
You are more poisoned.
You feel as though you will be slow longer.
You feel very sick. The hornet stings you.
You are more poisoned.
You shrug off the repeated paralysis!
The hornet completely misses you. The hornet stings you!
* * * LOW HITPOINT WARNING * * *
You shrug off the repeated paralysis!
* * * LOW HITPOINT WARNING * * *
You feel extremely sick.
The hornet stings you but does no damage.
The hornet stings you!
* * * LOW HITPOINT WARNING * * *
You feel as though you will be slow longer.
You can move again.
Unknown command.
Unknown command.
You draw... (choose one card, ? for their descriptions)
a - the Cloud
b - the Tomb
c - the Cloud You have drawn the Tomb.
Walls emerge from the floor!
You die...
Your body glows with a rainbow of weird colours and disappears.

###########.#######
.......)....... #
#########....... #.
................ #.
###............ ##..
#####..........##
#....###..............#
#.....######..........#
#.....y@#..#..........#
......###..#..........#
...........#..........#
...........###'########
................
.................
...............
............... g@ # g
.


You could see a hornet (berserk, fast).

Vanquished Creatures
  Pikel (D:7)
  A wyvern (D:9)
  5 yaks (D:8)
  A hog (D:7)
  2 water moccasins
  An acid dragon (D:9)
  2 sky beasts (D:6)
  4 orc warriors
  2 black bears
  3 centaurs (D:9)
  3 phantoms
  An elf zombie (Ossuary)
  Blork the orc (D:5)
  A gnoll sergeant (D:9)
  4 bullfrogs
  3 killer bees (D:9)
  9 centaur zombies (Ossuary)
  4 hounds
  2 human zombies (Ossuary)
  A jelly (D:6)
  5 orc priests
  7 iguanas
  Natasha (twice) (D:2)
  14 orc wizards
  Terence (D:3)
  4 mummies
  10 adders
  7 gnolls
  A shadow imp (D:6)
  4 white imps
  An adder skeleton (D:2)
  2 worms
  A dart slug (D:4)
  47 orcs
  8 bats
  A bat skeleton (D:2)
  A bat zombie (D:2)
  6 endoplasms
  3 giant cockroaches
  7 goblins
  6 hobgoblins
  5 quokkas
  6 ball pythons
  A ball python skeleton (D:2)
  A ball python zombie (D:2)
  5 frilled lizards (D:1)
  6 kobolds
  A quokka skeleton (D:2)
214 creatures vanquished.

Vanquished Creatures (others)
  An elf zombie (Ossuary)
  A gnoll zombie (D:9)
  19 withered plants (D:2)
21 creatures vanquished.

Grand Total: 235 creatures vanquished

Notes
Turn   | Place    | Note
-------+----------+-------------------------------------------
     0 | D:1      | sleeves the Draconian Reaver began the quest for the Orb.
     0 | D:1      | Reached XP level 1. HP: 17/17 MP: 3/3
   173 | D:1      | Reached XP level 2. HP: 24/24 MP: 5/5
   455 | D:1      | Found a faded altar of an unknown god.
   542 | D:1      | Reached skill level 4 in Maces & Flails
  1203 | D:2      | HP: 12/24 [poisoned by an adder]
  1207 | D:2      | Reached XP level 3. HP: 11/29 MP: 6/6
  1546 | D:2      | Noticed Natasha
  1583 | D:2      | Killed Natasha
  1661 | D:2      | Reached XP level 4. HP: 30/30 MP: 7/7
  1680 | D:2      | Found the +4 dagger "Morg" {pain, Will+ Int+5}
  2035 | D:2      | Noticed Natasha
  2041 | D:2      | Killed Natasha
  2042 | D:2      | Reached skill level 5 in Maces & Flails
  2299 | D:3      | Noticed Terence
  2403 | D:3      | HP: 24/48 [orc/+0 mace (3)]
  2418 | D:3      | HP: 22/49 [orc/+0 flail (4)]
  2800 | D:3      | Found a runed translucent door.
  2800 | D:3      | Noticed SigmundSlayer's ghost (weakling OgDe)
  2834 | D:3      | Found a sparkling altar of Nemelex Xobeh.
  2989 | D:3      | Became a worshipper of Nemelex Xobeh the Trickster
  3248 | D:3      | Killed Terence
  3249 | D:3      | Reached XP level 5. HP: 26/36 MP: 6/8
  3280 | D:3      | Reached skill level 1 in Invocations
  3603 | D:4      | Noticed an ogre
  3758 | D:4      | Noticed an ogre
  3889 | D:4      | HP: 18/39 [worm (9)]
  3894 | D:4      | Reached skill level 6 in Maces & Flails
  4089 | D:4      | Noticed a phantom
  4139 | D:4      | HP: 17/40 [ogre/+0 giant spiked club (23)]
  4145 | D:4      | HP: 4/40 [ogre/+0 giant spiked club (15)]
  4147 | D:4      | HP: 1/40 [phantom (3)]
  4152 | D:4      | HP: 12/40 [phantom (2)]
  4285 | D:4      | Found a staircase to the Ecumenical Temple.
  4316 | D:4      | Reached skill level 2 in Invocations
  4330 | D:4      | HP: 20/41 [gnoll/+1 vorpal halberd (7)]
  4335 | D:4      | HP: 18/41 [poisoned by a gnoll]
  4340 | D:4      | HP: 12/41 [poisoned by a gnoll]
  4346 | Temple   | Entered the Ecumenical Temple
  4567 | D:4      | Reached XP level 6. HP: 48/48 MP: 9/9
  4707 | D:4      | Found a blossoming altar of Fedhas.
  4873 | D:5      | Entered Level 5 of the Dungeon
  4903 | D:5      | Reached skill level 3 in Invocations
  4940 | D:5      | Reached * piety under Nemelex Xobeh
  5017 | D:5      | Received a gift from Nemelex Xobeh
  5190 | D:5      | Reached skill level 7 in Maces & Flails
  5190 | D:5      | Reached skill level 4 in Invocations
  5190 | D:5      | Your scales start taking on an icy white colour.
  5190 | D:5      | Reached XP level 7. HP: 42/55 MP: 10/10
  5190 | D:5      | Gained mutation: Your flesh is cold resistant. (rC+) [White
                  | Draconian growth]
  5238 | D:5      | Learned a level 3 spell: Hailstorm
  5571 | D:5      | Reached skill level 2 in Dodging
  5598 | D:5      | Reached skill level 1 in Ice Magic
  5913 | D:5      | Noticed Blork the orc
  5924 | D:5      | Killed Blork the orc
  5997 | D:6      | Reached skill level 3 in Fighting
  6077 | D:6      | Reached skill level 2 in Ice Magic
  6165 | D:6      | Identified the +11 flail of Hiunoeh {chaos, rC+ Str+4
                  | Dex-5}
  6178 | D:6      | Reached skill level 5 in Invocations
  6178 | D:6      | Reached XP level 8. HP: 62/63 MP: 11/11
  6208 | D:6      | Reached skill level 3 in Ice Magic
  6252 | D:6      | Reached skill level 3 in Dodging
  6273 | D:6      | Reached ** piety under Nemelex Xobeh
  6339 | D:6      | You fall into a shaft and drop 3 floors!
  6377 | D:9      | Noticed Maurice
  6625 | D:9      | Reached skill level 4 in Fighting
  6766 | D:7      | Noticed Pikel
  6773 | D:7      | Killed Pikel
  6774 | D:7      | Reached skill level 8 in Maces & Flails
  6774 | D:7      | Reached skill level 4 in Ice Magic
  6774 | D:7      | Reached skill level 6 in Invocations
  6774 | D:7      | Reached XP level 9. HP: 66/73 MP: 13/13
  6780 | D:7      | Reached skill level 4 in Dodging
  6900 | D:7      | Received a gift from Nemelex Xobeh
  6908 | D:7      | Reached skill level 5 in Fighting
  6911 | D:7      | Reached skill level 5 in Ice Magic
  6926 | D:7      | Noticed Joseph
  6929 | D:7      | Joseph changed into Joseph the hog
  6929 | D:7      | Noticed Joseph
  6932 | D:7      | Killed Joseph the hog
  7021 | D:7      | Found a sand-covered staircase.
  7030 | Ossuary  | Entered an ossuary
  7437 | D:7      | Reached skill level 7 in Invocations
  7457 | D:6      | Reached skill level 6 in Ice Magic
  7678 | D:7      | Received a gift from Nemelex Xobeh
  7684 | D:7      | Reached skill level 5 in Dodging
  7741 | D:7      | Reached skill level 6 in Fighting
  8083 | D:8      | Found Quguryit's Distillery.
  8217 | D:8      | Reached *** piety under Nemelex Xobeh
  8221 | D:8      | Received a gift from Nemelex Xobeh
  8334 | D:8      | Reached skill level 9 in Maces & Flails
  8502 | D:8      | Reached XP level 10. HP: 77/83 MP: 15/15
  8839 | D:9      | Reached skill level 7 in Ice Magic
  8840 | D:9      | Paralysed by a hornet for 3 turns
  8841 | D:9      | HP: 35/84 [hornet (13)]
  8842 | D:9      | HP: 17/84 [centaur/+0 rapier (6)]
  8843 | D:9      | HP: 2/84 [poisoned by a hornet]
  9282 | D:9      | Paralysed by a hornet for 3 turns
  9286 | D:9      | Paralysed by a hornet for 3 turns
  9287 | D:9      | HP: 30/84 [hornet (16)]
  9288 | D:9      | HP: 5/84 [hornet (17)]
  9289 | D:9      | Succumbed to a hornet's poison

Illustrated notes

Levels and vault maps discovered:
D:1:      sevenhm_arrival_forest_fort_large_4, layout_loops_corners,
          ebering_ecumenical_altar_webs, serial_bayou_pond_c,
          nrook_mini_backslash
D:2:      layout_loops_corners, grunt_ministairs_11, dilly_guarded_unrand_morg
D:3:      layout_loops_ring, mainiacjoe_overflow_catwalk,
          hellmonk_ghost_happy_afterlife, uniq_terence
D:4:      layout_loops_ring, lemuel_round_altar, lemuel_doored_altar,
          minmay_temple_entry_offerings, uniq_natasha
D:5:      layout_cave_pods, uniq_blork_the_orc
D:6:      layout_rooms
D:7:      layout_cave_pools, gup_ossuary_entry_pyramid, uniq_joseph, uniq_pikel
D:8:      layout_loops_cross, serial_shops, nicolae_shop_crystal
D:9:      layout_basic, kennysheep_small_square, uniq_maurice
Temple:   eino_temple_rhombus

Skill      XL: |  1  2  3  4  5  6  7  8  9 10 |
---------------+-------------------------------+-----
Maces & Flails | 4 5 6 7 8 9 |  9.3
Invocations    | 2 4 5 6 7 |  7.8
Dodging        | 2 3 5 |  5.7
Ice Magic      | 2 4 6 7 |  7.1
Fighting       | 3 4 6 |  6.8
Spellcasting   | |  2.0
Conjurations   | |  3.0

Action                   |  1- 3 |  4- 6 |  7- 9 | 10-12 || total
-------------------------+-------+-------+-------+-------++-------
Melee: Mace              |   110 |    10 |       |       ||   120
       Tailslap          |     9 |    25 |    38 |     8 ||    80
       Dagger            |       |   218 |    18 |       ||   236
       Whip              |       |    90 |   105 |       ||   195
       Punch             |       |     2 |     5 |     1 ||     8
       Flail             |       |       |   207 |    61 ||   268
Throw: Dart              |       |     9 |       |       ||     9
 Cast: Kiss of Death     |     2 |     1 |       |       ||     3
       Hailstorm         |       |       |     3 |       ||     3
Invok: Draw Destruction  |       |       |     2 |     4 ||     6
       Triple Draw       |       |       |       |     1 ||     1
 Abil: Breathe Frost     |       |       |     1 |       ||     1
Evoke: Wand              |       |       |     2 |       ||     2
  Use: Potion            |       |     7 |       |     1 ||     8
       Scroll            |       |     3 |     5 |     1 ||     9
Armor: Skin              |    75 |   148 |   156 |    29 ||   408
Dodge: Dodged            |   109 |   138 |   161 |    41 ||   449

Table legend: (Time is in decaauts)
 A = Elapsed time spent in this place.
 B = Non-inter-level travel time spent in this place.
 C = Inter-level travel time spent in this place.
 D = Time resting spent in this place.
 E = Time spent auto-exploring this place.
 F = Levels seen in this place.
 G = Mean time per level.
                   A        B        C        D        E       F      G
               +--------+--------+--------+--------+--------+-----+--------+
         Total |   9295 |   8713 |    582 |   1445 |   5238 |  11 |  845.0 |
       Dungeon |   8925 |   8343 |    582 |   1279 |   5140 |   9 |  991.7 |
        Temple |    170 |    170 |      0 |    166 |      0 |   1 |  170.0 |
       Ossuary |    199 |    199 |      0 |      0 |     98 |   1 |  199.0 |
               +--------+--------+--------+--------+--------+-----+--------+

Top non-repeatable levels by time:
     D:2: 1483 daAuts
     D:3: 1240 daAuts
     D:8: 1139 daAuts
     D:5: 1081 daAuts
     D:1: 1061 daAuts
     D:4: 966 daAuts
     D:7: 723 daAuts
     D:6: 638 daAuts
     D:9: 590 daAuts
 Ossuary: 199 daAuts
  Temple: 170 daAuts
